 Dungeon Crawl Stone Soup version 0.31.0-2-g5a2aebc5c2 (webtiles) character file.

Game seed: 8839283352351233388

792 Cheops the Spear-Bearer (level 8, 0/58 HPs)
             Began as a Formicid Fighter on Jan 20, 2024.
             Killed from afar by Dowan (11 damage)
             ... with a shard of ice
             ... on level 5 of the Dungeon.
             The game lasted 00:07:28 (4151 turns).

Cheops the Spear-Bearer (Formicid Fighter)          Turns: 4151, Time: 00:07:29

Health: 0/58       AC:  9    Str: 24    XL:     8   Next: 12%
Magic:  0/8        EV: 13    Int:  7    God:
Gold:   284        SH:  5    Dex: 13    Spells: 7/7 levels left

rFire   . . .        a - +0 trident
rCold   . . .        c - +0 buckler
rNeg    . . .        n - +0 chain mail
rPois   .            (helmet unavailable)
rElec   .            (no cloak)
rCorr   .            (no gloves)
SInv    +            (no boots)
Will    .....        t - amulet of guardian spirit Stlth
                     j - +5 ring of evasion
HPRegen 0.29/turn    (no ring)
MPRegen 0.11/turn

%: guardian spirit
@: mighty, lethally poisoned (0 -> -21)
A: permanent stasis, dig shafts and tunnels, antennae 3, four strong arms
a: Dig, Shaft Self


You were on level 5 of the Dungeon.
You visited 1 branch of the dungeon, and saw 5 of its levels.

You collected 284 gold pieces.

Inventory:

Hand Weapons
 a - a +0 trident (weapon)
Armour
 b - a +0 scale mail
 c - a +0 buckler (worn)
 n - a +0 chain mail (worn)
Jewellery
 j - a +5 ring of evasion (left hand)
 t - an amulet of guardian spirit (around neck)
Scrolls
 g - 2 scrolls of revelation {unknown}
 i - a scroll of brand weapon {unknown}
 k - 2 scrolls of summoning {unknown}
 l - 2 scrolls of vulnerability {unknown}
 o - 3 scrolls of fog {unknown}
 p - 2 scrolls of fear {unknown}
 q - a scroll of poison {unknown}
 s - 2 scrolls of teleportation {unknown}
Potions
 e - a potion of heal wounds
 f - 2 potions of attraction
 h - a potion of curing
 m - a potion of enlightenment
 r - a potion of degeneration {unknown}
 u - 2 potions of brilliance {unknown}
 v - a potion of ambrosia


   Skills:
 - Level 3.2 Fighting
 + Level 8.8 Polearms
 - Level 3.2 Armour
 - Level 4.0 Shields


You had 7 spell levels left.
You didn't know any spells.
Your spell library contained the following spells:

 Spells                   Type           Power      Damage    Failure   Level
 Sandblast                Erth           0%         2d4       97%         1
 Fugue of the Fallen      Necr           0%         N/A       100%        3
 Ozocubu's Armour         Ice            0%         N/A       100%        3
 Passwall                 Erth           0%         N/A       100%        3
 Stone Arrow              Conj/Erth      0%         3d7       100%        3
 Brom's Barrelling Bould  Conj/Erth      0%         2d3       100%        4
 Manifold Assault         Tloc           0%         N/A       100%        4


Dungeon Overview and Level Annotations

Branches:
Dungeon (5/15)             Temple (0/1) D:4

Altars:
Dithmenos
Makhleb
Ru

Annotations:
D:4 dig
D:5 1 runed translucent door, fly, Dowan; turdburglar's ghost, novice TrSh


Innate Abilities, Weirdness & Mutations

You cannot be hasted, slowed, berserked, paralysed or teleported.
You can dig through walls and to a lower floor.
You have a pair of large antennae on your head. (SInv)
Your four strong arms can wield two-handed weapons with a shield.


Message History

You closely miss Duvessa.
Duvessa is severely wounded.
* * * LOW HITPOINT WARNING * * *
You feel extremely sick.
Duvessa hits you with a +4 short sword of venom.
* * * LOW HITPOINT WARNING * * *
You are more poisoned.
Duvessa hits you but does no damage.
You are more poisoned.
You puncture Duvessa!
You kill Duvessa!
Dowan's eyes darken. "You have made a grave mistake."
Dowan seems to find hidden reserves of power!
* * * LOW HITPOINT WARNING * * *
You feel extremely sick.
Your life force feels restored.
You have reached level 8!
You feel stronger.
Unknown command.
Okay, then.
You feel much better.
* * * LOW HITPOINT WARNING * * *
You feel extremely sick. Dowan hits you but does no damage.
Dowan closely misses you.
Unknown command.
You puncture Dowan!
Dowan is moderately wounded.
* * * LOW HITPOINT WARNING * * *
You feel extremely sick. Dowan completely misses you.
Unknown command.
Unknown command.
Unknown command.
You closely miss Dowan.
Dowan is moderately wounded.
* * * LOW HITPOINT WARNING * * *
You feel very sick.
Dowan points at you and mumbles some strange words.
The shard of ice hits you!
You die...

## ###. #. ).. .#
###.######## {
.### #..........#
...######.......##
.###≈≈≈.##.###...#
.# ##≈~~.#.# ##.##
.###∩_...'.#
#.#####.##
..###~~~.###
#.@eo.....
##..~≈≈.##
#####.###.
...###### .### ##
#### ...# { ≈≈.#
?≈.###


You could see Dowan (fast) and an orc.

Vanquished Creatures
  Grinder (D:5)
  Duvessa (D:5)
  An ogre (D:4)
  A crimson imp (D:5)
  2 hounds
  A gnoll bouda (D:4)
  2 iguanas (D:4)
  Robin (D:2)
  8 adders
  4 gnolls
  A white imp (D:5)
  2 ribbon worms (D:3)
  13 orcs
  7 bats
  6 endoplasms
  7 giant cockroaches
  3 hobgoblins
  9 jackals
  8 kobolds
  4 quokkas
  3 ball pythons
  A frilled lizard (D:1)
  13 goblins
  4 rats
103 creatures vanquished.

Notes
Turn   | Place    | Note
-------+----------+-------------------------------------------
     0 | D:1      | Cheops the Formicid Fighter began the quest for the Orb.
     0 | D:1      | Reached XP level 1. HP: 18/18 MP: 1/1
    86 | D:1      | Reached XP level 2. HP: 24/24 MP: 2/2
   379 | D:1      | Reached skill level 3 in Polearms
   566 | D:2      | Reached XP level 3. HP: 28/29 MP: 3/3
   593 | D:2      | Noticed Robin
   602 | D:2      | You fall into a shaft and drop 1 floor!
   954 | D:2      | Reached skill level 4 in Polearms
   954 | D:2      | Reached XP level 4. HP: 35/35 MP: 4/4
  1609 | D:2      | Found a sacrificial altar of Ru.
  1836 | D:2      | Killed Robin
  1837 | D:2      | Reached XP level 5. HP: 40/41 MP: 5/5
  2035 | D:2      | Reached skill level 5 in Polearms
  2901 | D:3      | Reached XP level 6. HP: 33/47 MP: 4/6
  2961 | D:4      | Reached skill level 6 in Polearms
  3112 | D:4      | Found a shadowy altar of Dithmenos.
  3122 | D:4      | Noticed an ogre
  3151 | D:4      | Killed an ogre
  3280 | D:4      | Reached XP level 7. HP: 52/52 MP: 7/7
  3293 | D:4      | Reached skill level 7 in Polearms
  3690 | D:4      | Found a staircase to the Ecumenical Temple.
  3994 | D:5      | Entered Level 5 of the Dungeon
  4048 | D:5      | Found a runed translucent door.
  4050 | D:5      | Noticed turdburglar's ghost (novice TrSh)
  4084 | D:5      | Noticed Grinder
  4091 | D:5      | Killed Grinder
  4092 | D:5      | Reached skill level 8 in Polearms
  4110 | D:5      | Found a burning altar of Makhleb.
  4141 | D:5      | Noticed Duvessa
  4141 | D:5      | Noticed Dowan
  4148 | D:5      | Killed Duvessa
  4149 | D:5      | Reached XP level 8. HP: 8/58 MP: 3/8
  4151 | D:5      | Killed from afar by Dowan

Illustrated notes

Levels and vault maps discovered:
D:1:      dpeg_arrival_arbitrary_b, layout_rooms
D:2:      layout_basic, basic_altar, kennysheep_small_spiral, uniq_robin
D:3:      layout_loops_ring
D:4:      layout_basic, grunt_dithmenos_smoke, minmay_temple_entry_from_below_a
D:5:      layout_loops_ring, makhleb_grotto_becter, cheibrodos_sewer_entry_bend,
          ebering_ghost_sewer_d, corexii_item_surrounded_by_moat, uniq_duvessa,
          uniq_crazy_yiuf_cottage, uniq_grinder

Skill      XL: |  1  2  3  4  5  6  7 |
---------------+----------------------+-----
Polearms       | 3 4 5 6 8 |  8.8
Fighting       | |  3.2
Armour         | |  3.2
Shields        | |  4.0

Action                     |  1- 3 |  4- 6 |  7- 9 || total
---------------------------+-------+-------+-------++-------
  Melee: Trident           |   106 |   269 |    80 ||   455
Ability: Shaft Self        |     1 |       |       ||     1
         Dig               |       |       |     3 ||     3
    Use: Scroll            |       |     4 |     1 ||     5
         Potion            |       |       |     3 ||     3
 Armour: Scale mail        |    35 |       |       ||    35
         Chain mail        |    14 |   122 |    38 ||   174
  Dodge: Dodged            |    53 |   158 |    31 ||   242
  Block: Buckler           |    22 |    49 |    13 ||    84
